Map: Winter Madness LE

Players

SKillous - Winner!

  • Race: Protoss Protoss
  • League: Master
  • Spawn Location: 5:00

LetaleX

  • Race: Protoss Protoss
  • League: Grandmaster
  • Spawn Location: 11:00

VOD

Have the link to the VOD?

Description

Time

  • Played on: Jan. 31, 2026, 2:53 p.m.
  • Length: 5:28
Show
View Real Time Build Order
Export as new Build Order

SKillous Protoss - Winner!

Build Orders: Mass Adepts 

Get SALT Encoding   

  12  0:00  Probe  
  13  0:12  Probe  
  14  0:17  Pylon  
  14  0:24  Probe  
  15  0:32  Probe  
  15  0:37  Gateway  
  15  0:40  Probe  
  16  0:46  Assimilator  
  17  0:51  Probe  
  17  0:54  Assimilator  
  18  0:59  Probe  
  19  1:07  Probe, Gateway  
  20  1:17  Probe  
  20  1:23  Cybernetics Core  
  21  1:29  Probe  
  22  1:33  Pylon  
  22  1:41  Probe  
  23  2:00  Robotics Facility  
  23  2:01  Warp Gate, Adept  
  23  2:03  Adept  
  27  2:10  Pylon  
  27  2:28  Stalker  
  27  2:30  Stalker  
  27  2:36  Warp Prism  
  32  2:53  Gateway  
  32  2:58  Sentry  
  32  3:01  Pylon  
  34  3:07  Immortal  
  38  3:45  Immortal  
  38  3:53  Adept x2  
  46  3:55  Pylon  
  46  4:13  Stalker x2  
  46  4:14  Adept  
  52  4:21  Pylon  
  48  4:38  Adept x2  
  50  4:39  Adept  
  52  4:59  Adept x2  
  50  5:02  Adept  
Show
View Real Time Build Order
Export as new Build Order

LetaleX Protoss 

Build Orders: Phoenix Opening 

Get SALT Encoding   

  12  0:00  Probe  
  13  0:12  Probe  
  14  0:16  Pylon  
  14  0:24  Probe  
  15  0:32  Probe  
  15  0:36  Gateway  
  15  0:40  Probe  
  16  0:46  Assimilator  
  17  0:51  Probe  
  17  0:53  Assimilator  
  18  1:00  Probe  
  19  1:08  Gateway  
  19  1:09  Probe  
  19  1:18  Probe  
  20  1:24  Cybernetics Core  
  21  1:30  Probe  
  22  1:33  Pylon  
  22  1:42  Probe  
  23  1:54  Probe  
  23  2:00  Phoenix, Sentry  
  23  2:01  Warp Gate  
  26  2:12  Nexus  
  26  2:15  Sentry  
  26  2:21  Pylon  
  28  2:27  Probe  
  29  2:30  Stalker  
  31  2:43  Sentry, Shield Battery  
  33  2:51  Probe  
  34  2:54  Shield Battery  
  34  2:59  Sentry  
  34  3:03  Probe  
  37  3:06  Gateway  
  37  3:18  Sentry  
  39  3:23  Shield Battery  
  39  3:24  Probe  
  39  3:25  Probe  
  41  3:39  Probe  
  40  3:50  Stalker x2  
  40  3:54  Probe  
  46  3:55  Probe  
  46  4:02  Stalker  
  46  4:06  Probe  
  49  4:14  Stalker  
  49  4:15  Adept  
  53  4:21  Probe  
  54  4:33  Pylon  
  52  4:41  Zealot  
  52  4:43  Shield Battery  
  52  4:45  Shield Battery  
  52  4:56  Probe  
  52  4:57  Probe  
  38  5:06  Stalker x3  
  34  5:11  Probe  
Tags
 
Add a new tag
Caveats
  • Supply blocks, unpowered buildings, or Contaminate may cause inaccurate times.
  • Supply counts are checked every 10 seconds.